 Dungeon Crawl Stone Soup version 0.19.0-19-g8c6edcc (webtiles) character file.

65968 Mesmaeker13 the Pandemonic (level 14, -6/111 HPs)
             Began as a Demonspawn Skald on Nov 12, 2016.
             Was a High Priest of Makhleb.
             Mangled by Rupert
             ... wielding a +2 great mace of holy wrath
              (24 damage)
             ... on level 6 of the Lair of Beasts.
             The game lasted 01:22:16 (22120 turns).

Mesmaeker13 the Pandemonic (Demonspawn Skald)      Turns: 22120, Time: 01:22:18

Health: -6/111     AC: 14    Str: 19    XL:     14   Next: 77%
Magic:  0/23       EV: 24    Int: 17    God:    Makhleb [*****.]
Gold:   1064       SH:  0    Dex: 15    Spells: 5 memorised, 14 levels left

rFire  + . .     SeeInvis .     D - +10 mace "Jeez" {freeze, rPois MR+ Dex+2 Stlth+}
rCold  + . .     Gourm    .     Y - +3 leather armour {rF+}
rNeg   . . .     Faith    +     (no shield)
rPois  +         Spirit   +     (helmet restricted)
rElec  .         Reflect  .     C - +0 cloak
rCorr  +         Harm     .     (no gloves)
MR     ++...                    n - +2 pair of boots
Stlth  ++........               K - amulet of faith
                                e - +5 ring of strength
                                M - +5 ring of evasion

@: confused
A: antennae 2, yellow scales 3, cold resistance 1, magic shield, magic
regeneration, magic link, freezing cloud immunity
a: Minor Destruction, Lesser Servant of Makhleb, Major Destruction, Greater
Servant of Makhleb, Renounce Religion


You were on level 6 of the Lair of Beasts.
You worshipped Makhleb.
Makhleb was extremely pleased with you.
You were not hungry.

You visited 3 branches of the dungeon, and saw 17 of its levels.
You also visited: Sewer, Ossuary and Volcano.

You collected 1064 gold pieces.

Inventory:

Hand Weapons
 D - the +10 mace "Jeez" (weapon) {freeze, rPois MR+ Dex+2 Stlth+}
   (You found it on level 7 of the Dungeon)

   It has been specially enchanted to freeze those struck by it, causing extra
   injury to most foes and up to half again as much damage against particularly
   susceptible opponents.
   It can also slow down cold-blooded creatures.
   It affects your dexterity (+2).
   It protects you from poison.
   It affects your resistance to hostile enchantments.
   It makes you more stealthy.
Missiles
 x - 8 javelins
 I - 4 javelins of penetration
 J - 4 tomahawks (quivered)
Armour
 i - a +1 leather armour of fire resistance
 n - a +2 pair of boots (worn)
 C - a +0 cloak (worn)
 L - a +1 robe of resistance
 Y - a +3 leather armour of fire resistance (worn)
Jewellery
 a - an uncursed amulet of guardian spirit {unknown}
 b - an uncursed ring of see invisible
 e - a +5 ring of strength (right hand)
 h - the ring "Bymekod" {*Drain +Blink +Fly MR+++ Int-4}
   (You acquired it on level 6 of the Lair of Beasts)

   [ring of flight]

   It affects your intelligence (-4).
   It affects your resistance to hostile enchantments.
   It lets you fly.
   It lets you blink.
   It causes draining when unequipped.
 p - an uncursed amulet of regeneration {unknown}
 u - an uncursed amulet of magic regeneration
 w - an uncursed ring of protection from cold
 y - an uncursed ring of protection from fire
 H - an uncursed ring of magical power
 K - an amulet of faith (around neck)
 M - a +5 ring of evasion (left hand)
 Q - a cursed -3 ring of evasion
Wands
 g - a wand of lightning (2/15)
 F - a wand of heal wounds (2/9)
Scrolls
 k - a scroll of summoning
 l - 2 scrolls of acquirement
 m - a scroll of identify
 q - a scroll of holy word {unknown}
 r - a scroll of magic mapping {unknown}
 z - 3 scrolls of remove curse
 E - a scroll of brand weapon {unknown}
 N - 3 scrolls of recharging
Potions
 o - 4 potions of lignification
 s - 2 potions of ambrosia
 t - 3 potions of curing
 v - 2 potions of berserk rage
 B - a potion of haste
 P - a potion of brilliance
 R - 2 potions of agility
 S - a potion of magic {unknown}
 T - a potion of might
 U - 2 potions of beneficial mutation {unknown}
 X - a potion of flight
Books
 j - a book of the Warp

   Spells                             Type                      Level
   a - Gell's Gravitas                Hexes/Translocation          3
   b - Portal Projectile              Translocation                3
   c - Force Lance                    Conjuration/Translocation    4
   d - Dispersal                      Translocation                6
   e - Controlled Blink               Translocation                8
   f - Disjunction                    Translocation                8
Miscellaneous
 A - a phial of floods
Comestibles
 c - a slice of pizza
 d - 10 bread rations
 f - a beef jerky
 G - 2 meat rations
 O - 4 chunks of flesh
 W - 10 fruits


   Skills:
 + Level 10.4 Fighting
   Level 5.2 Long Blades
 + Level 10.7 Maces & Flails
 + Level 3.5 Armour
 - Level 11.1 Dodging
 - Level 6.0 Spellcasting
 - Level 6.0 Hexes
 - Level 9.0 Charms
 - Level 5.2 Necromancy
 - Level 5.0 Translocations
 + Level 11.2 Invocations


You had 14 spell levels left.
You knew the following spells:

 Your Spells              Type           Power        Failure   Level  Hunger
a - Infusion              Chrm           ####         1%          1    None
b - Song of Slaying       Chrm           #####...     1%          2    None
c - Shroud of Golubria    Chrm/Tloc      ####......   1%          2    None
d - Spectral Weapon       Hex/Chrm       ####....     1%          3    ##.....
e - Regeneration          Chrm/Necr      ####......   2%          3    ##.....


Dungeon Overview and Level Annotations

Branches:
Dungeon (10/15)            Temple (1/1) D:7            Lair (6/6) D:10
  Swamp (0/4) Lair:3        Snake (0/4) Lair:4        Slime (0/5) Lair:5
    Orc (0/2) D:10

Altars:
Ashenzari
Cheibriados
Dithmenos
Fedhas
Gozag
Hepliaklqana
Kikubaaqudgha
Makhleb
Nemelex Xobeh
Okawaru
Qazlal
Ru
Sif Muna
Trog
Uskayaw
Vehumet
Xom
Yredelemnul
Zin
The Shining One

Shops:
D:10 }

Annotations:
Lair:6 Rupert


Innate Abilities, Weirdness & Mutations

You have a pair of antennae on your head.
You are completely covered in yellow scales. (AC +4, rCorr)
Your flesh is cold resistant. (rC+)
When hurt, damage is shared between your health and your magic reserves.
You regenerate magic rapidly.
When low on magic, you restore magic in place of health.
You are immune to freezing clouds.


Message History

Rupert hits you with a great mace of holy wrath!!!
You convulse!!
* * * LOW HITPOINT WARNING * * *
The cacodemon hits you.
* * * LOW HITPOINT WARNING * * *
The cacodemon closely misses you.
Unknown command.
You're too confused!
Unknown command.
Evoke which item? (* to show all) (? for menu, Esc to quit)
Zapping:
F - a wand of heal wounds {zapped: 3} (will waste charges)
Press: ? - help, Shift-Dir - straight line, f - you Nothing appears to happen.
Evoking this partially-identified wand wasted a few charges.
Rupert hits you with a great mace of holy wrath.
* * * LOW HITPOINT WARNING * * *
You convulse.
* * * LOW HITPOINT WARNING * * *
Rupert hits you with a great mace of holy wrath!!
You die...

....#.#..................
...'.#.8.......8........
.##....................
...###.#.....#...#..#.......
#...@..#@.....###......#....
#. ###.###'#.# ##...#......
..######..###...##
#...........
....P#....##.2@..#
####P.......
.........##8.@.8# ##.......
#..............# #....... #
#.....#..##.8...# #.......
#.##.#..#.#######.##
#....... ...........# ##
###..... ........#### #.....
........# ###.# #......
...#....### #.#..# ##.....
.. ###....####.#..... #.....


You could see Rupert (berserk) and a cacodemon.

Vanquished Creatures
  Kirke (Lair:5)
  8 hydras
  5 catoblepae
  A dancing weapon (Volcano)
  A tengu warrior (D:10)
  23 death yaks
  5 wizards (Volcano)
  5 toenail golems (Volcano)
  Psyche (D:10)
  24 elephants
  A torpor snail (Lair:5)
  2 black mambas
  Joseph (Lair:1)
  10 spiny frogs
  2 rime drakes
  12 komodo dragons
  A hornet (Lair:4)
  A troll (D:9)
  6 polar bears (Lair:4)
  4 blink frogs (Lair:5)
  6 hippogriffs
  6 dream sheep (Lair:5)
  2 wyverns
  A basilisk (Lair:4)
  23 yaks
  6 nagas (Lair:4)
  Duvessa (D:4)
  13 water moccasins
  11 porcupines
  An ice beast (D:8)
  2 ogres
  2 orc warriors
  4 sky beasts
  4 centaurs
  A phantom (D:4)
  21 wolves
  20 crocodiles
  A big kobold (D:9)
  18 bullfrogs
  Dowan (D:4)
  2 scorpions
  9 killer bees (D:9)
  3 wights (D:9)
  A howler monkey (D:6)
  A quasit (D:7)
  3 centaur zombies
  A crimson imp (D:5)
  2 jellies (Lair:5)
  6 hounds
  6 orc wizards
  3 bullfrog skeletons
  3 orc priests
  5 iguanas
  4 hell rats (Lair:5)
  3 worker ants
  Robin (D:4)
  4 gnolls
  11 adders
  5 river rats (D:10)
  6 oozes
  An adder skeleton (D:6)
  A worm (D:2)
  A dart slug (D:1)
  14 leopard geckos
  28 orcs
  13 giant cockroaches
  8 goblins
  10 hobgoblins
  11 jackals
  3 quokkas
  3 ball pythons (Sewer)
  20 bats
  11 frilled lizards
  10 kobolds
  20 rats
  2 fungi (D:10)
  A plant (D:10)
494 creatures vanquished.

Vanquished Creatures (collateral kills)
  A death yak (Lair:3)
  An elephant (Lair:6)
2 creatures vanquished.

Vanquished Creatures (others)
  A hippogriff (Lair:6)
  3 humans
  A bush (Lair:6)
  23 fungi
  14 plants
  30 spectral weapons
72 creatures vanquished.

Grand Total: 568 creatures vanquished

Notes
Turn   | Place    | Note
-------+----------+-------------------------------------------
     0 | D:1      | Mesmaeker13 the Demonspawn Skald began the quest for the Orb.
     0 | D:1      | Reached XP level 1. HP: 16/16 MP: 3/3
   383 | D:1      | Reached skill level 1 in Dodging
   920 | D:1      | Gained mutation: Your flesh is cold resistant. (rC+) [demonic ancestry]
   920 | D:1      | Reached XP level 2. HP: 19/22 MP: 0/5
  1125 | D:2      | Learned a level 2 spell: Song of Slaying
  1308 | D:2      | Reached XP level 3. HP: 28/28 MP: 6/6
  1852 | D:1      | Gained mutation: You are partially covered in yellow scales. (AC +2) [demonic ancestry]
  1852 | D:1      | Reached XP level 4. HP: 25/34 MP: 2/7
  2040 | D:2      | Found a shimmering altar of Xom.
  2347 | D:3      | Learned a level 2 spell: Shroud of Golubria
  2437 | D:3      | Reached XP level 5. HP: 30/39 MP: 7/9
  3886 | D:3      | Gained mutation: You are mostly covered in yellow scales. (AC +3) [demonic ancestry]
  3886 | D:3      | Reached XP level 6. HP: 45/45 MP: 4/10
  4270 | D:4      | Noticed Robin
  4294 | D:4      | Killed Robin
  4623 | D:4      | Noticed Duvessa
  4625 | D:4      | Noticed Dowan
  4743 | D:4      | HP: 2/45 [Duvessa/short sword of freezing (10)]
  4748 | D:4      | Killed Duvessa
  5126 | D:4      | Gained mutation: When hurt, damage is shared between your health and your magic reserves. [demonic ancestry]
  5126 | D:4      | Reached XP level 7. HP: 42/51 MP: 6/12
  5444 | D:4      | Killed Dowan
  5484 | D:5      | Entered Level 5 of the Dungeon
  6215 | D:6      | Found a sand-covered staircase.
  6224 | Ossuary  | Entered an ossuary
  6343 | D:6      | Reached skill level 5 in Charms
  6343 | D:6      | Gained mutation: You regenerate magic rapidly. [demonic ancestry]
  6343 | D:6      | Reached XP level 8. HP: 38/57 MP: 11/14
  6424 | D:6      | Found a shattered altar of Ashenzari.
  6658 | D:6      | Found a glowing drain.
  6676 | Sewer    | Entered a sewer
  7093 | D:6      | Reached skill level 5 in Long Blades
  7611 | D:7      | Got a shimmering mace
  7613 | D:7      | Identified the +10 mace "Jeez" {freeze, rPois MR+ Dex+2 Stlth+} (You found it on level 7 of the Dungeon)
  7621 | D:7      | Found a staircase to the Ecumenical Temple.
  7627 | Temple   | Entered the Ecumenical Temple
  7926 | Temple   | Became a worshipper of Makhleb the Destroyer
  8411 | D:8      | Found a sacrificial altar of Ru.
  8583 | D:8      | Reached skill level 1 in Maces & Flails
  8619 | D:8      | Reached skill level 5 in Dodging
  8797 | D:8      | Learned a level 3 spell: Spectral Weapon
  8819 | D:8      | Gained mutation: You have a pair of small antennae on your head. [demonic ancestry]
  8819 | D:8      | Reached XP level 9. HP: 53/65 MP: 11/15
  8864 | D:9      | Reached skill level 1 in Translocations
  8960 | D:9      | Noticed a troll
  9444 | D:9      | Reached * piety under Makhleb
  9566 | D:9      | Noticed a troll
  9579 | D:9      | Killed a troll
 10066 | D:9      | Reached skill level 1 in Hexes
 10215 | D:10     | Entered Level 10 of the Dungeon
 10228 | D:10     | Noticed Psyche
 10246 | D:10     | Killed Psyche
 10246 | D:10     | Gained mutation: You have a pair of antennae on your head. [demonic ancestry]
 10246 | D:10     | Reached XP level 10. HP: 31/71 MP: 12/16
 10482 | D:10     | Reached ** piety under Makhleb
 10718 | D:10     | Found a staircase to the Lair.
 10775 | D:10     | Found Ewnukeqy's Quality Used Wands.
 10784 | D:10     | Noticed a tengu warrior
 11016 | D:10     | Reached skill level 5 in Maces & Flails
 11081 | D:10     | Found a staircase to the Orcish Mines.
 11185 | D:10     | Reached *** piety under Makhleb
 11256 | D:10     | Killed a tengu warrior
 11377 | D:10     | Reached skill level 5 in Translocations
 11646 | Lair:1   | Entered Level 1 of the Lair of Beasts
 11646 | Lair:1   | Noticed Joseph
 11688 | Lair:1   | Killed Joseph
 11825 | Lair:1   | Gained mutation: You are immune to freezing clouds. [demonic ancestry]
 11825 | Lair:1   | Reached XP level 11. HP: 67/77 MP: 17/17
 12111 | Lair:1   | Reached skill level 5 in Hexes
 12839 | Lair:1   | Reached skill level 5 in Fighting
 13111 | Lair:2   | Reached skill level 1 in Invocations
 13121 | Lair:2   | Reached **** piety under Makhleb
 13633 | Lair:2   | Learned a level 3 spell: Regeneration
 13691 | Lair:2   | Reached skill level 1 in Necromancy
 13900 | Lair:2   | Reached XP level 12. HP: 85/88 MP: 13/18
 14532 | Lair:3   | Found a staircase to the Swamp.
 14607 | Lair:3   | Noticed a death yak
 14608 | Lair:3   | Noticed a death yak
 14629 | Lair:3   | Noticed a death yak
 14632 | Lair:3   | Killed a death yak
 14633 | Lair:3   | Noticed a death yak
 14814 | Lair:2   | Killed a death yak
 14865 | Lair:1   | Killed a death yak
 14865 | Lair:1   | Reached skill level 5 in Invocations
 15140 | Lair:2   | Killed a death yak
 16340 | Lair:4   | Reached skill level 5 in Necromancy
 16348 | Lair:4   | Reached ***** piety under Makhleb
 16577 | Lair:4   | Found a staircase to the Snake Pit.
 16721 | Lair:4   | Noticed an eight-headed hydra
 16736 | Lair:4   | Killed an eight-headed hydra
 17245 | Lair:5   | Gained mutation: When low on magic, you restore magic in place of health. [demonic ancestry]
 17245 | Lair:5   | Reached XP level 13. HP: 83/98 MP: 12/19
 17303 | Lair:5   | Found a staircase to the Slime Pits.
 17334 | Lair:5   | Reached skill level 10 in Dodging
 17649 | Lair:5   | Found a dark tunnel.
 17656 | Volcano  | Entered a volcano
 17984 | Volcano  | Got an ichor-stained chain mail
 17990 | Volcano  | Identified the +1 chain mail of Masochism {rF++} (You found it in a volcano)
 18719 | Lair:6   | Entered Level 6 of the Lair of Beasts
 18729 | Lair:6   | Noticed Rupert
 19752 | Lair:6   | Noticed Kirke
 19783 | Lair:6   | Noticed a sphinx
 19789 | Lair:5   | Killed Kirke
 20730 | Lair:6   | Identified 3 scrolls of acquirement
 20733 | Lair:6   | Got a twitching wooden ring
 20735 | Lair:6   | Identified the ring "Bymekod" {*Drain +Blink +Fly MR+++ Int-4} (You acquired it on level 6 of the Lair of Beasts)
 20760 | Lair:6   | Gained mutation: You are completely covered in yellow scales. (AC +4, rCorr) [demonic ancestry]
 20760 | Lair:6   | Reached XP level 14. HP: 108/108 MP: 19/21
 20792 | Lair:6   | Reached skill level 5 in Spellcasting
 20910 | Lair:6   | Reached skill level 10 in Maces & Flails
 21132 | Lair:6   | Reached skill level 10 in Invocations
 21169 | Lair:6   | Reached skill level 1 in Armour
 21339 | Lair:6   | Reached ****** piety under Makhleb
 21431 | Lair:6   | Reached skill level 10 in Fighting
 22110 | Lair:6   | Noticed a cacodemon
 22120 | Lair:6   | Mangled by Rupert

Skill      XL: |  1  2  3  4  5  6  7  8  9 10 11 12 13 14 |
---------------+-------------------------------------------+-----
Long Blades    | 2 3 4 5 |  5.2
Dodging        | 1 2 3 4 5 6 7 9 10 11 | 11.1
Charms         | 3 4 5 6 7 8 9 |  9.0
Spellcasting   | 3 4 6 |  6.0
Fighting       | 4 6 7 9 10 | 10.4
Maces & Flails | 2 4 6 7 8 9 10 | 10.7
Translocations | 3 5 |  5.0
Hexes          | 1 4 6 |  6.0
Invocations    | 3 6 9 11 | 11.2
Necromancy     | 2 5 |  5.2
Armour         | 3 |  3.5

Action                   |  1- 3 |  4- 6 |  7- 9 | 10-12 | 13-15 || total
-------------------------+-------+-------+-------+-------+-------++-------
Melee: Falchion          |    57 |   285 |   197 |       |       ||   539
       Mace              |       |       |   193 |   627 |   518 ||  1338
Throw: Tomahawk          |       |     4 |    15 |     8 |     2 ||    29
       Javelin           |       |       |     3 |     1 |       ||     4
 Cast: Infusion          |    10 |    16 |    22 |    12 |     1 ||    61
       Song of Slaying   |       |     5 |     4 |     3 |       ||    12
       Shroud of Golubri |       |     3 |    19 |    35 |    40 ||    97
       Spectral Weapon   |       |       |     3 |    32 |    51 ||    86
       Regeneration      |       |       |       |     3 |    17 ||    20
Invok: Lesser Servant of |       |       |       |     2 |     1 ||     3
       Major Destruction |       |       |       |       |     2 ||     2
       Greater Servant o |       |       |       |       |     2 ||     2
Evoke: Wand              |       |       |     4 |     3 |     8 ||    15
  Use: Scroll            |     2 |     5 |     6 |     6 |     7 ||    26
       Potion            |     4 |     2 |       |     1 |     5 ||    12
 Stab: Sleeping          |       |       |     8 |     8 |     3 ||    19
       Distracted        |       |       |     1 |     4 |     4 ||     9
  Eat: Chunk             |     3 |    11 |    14 |    26 |    10 ||    64
       Bread ration      |       |       |     1 |       |     3 ||     4
       Fruit             |       |       |       |     1 |       ||     1
Armor: Leather armour    |    16 |    91 |   144 |    87 |   163 ||   501
       Robe              |       |       |       |    79 |     4 ||    83
Dodge: Dodged            |    42 |   173 |   360 |   816 |   539 ||  1930
       Rpst.: Falchion   |    14 |    62 |    63 |       |       ||   139
